[ AOE2 MATCH · #483609775 ]
UnrankedVietnamese vs Hindustanis
[ REPLAY ANALYSIS · EXTRACTED FROM THE RECORDED GAME ]
Feudal
11:41
Castle
15:33
Imperial
26:14
| APM avg | 14.1 |
| APM peak | 62 |
| eAPM avg | 7.6 |
| Villagers / military | 29 / 18 |
Focus
⚔️ 17.4% · 🌾 82.6%
Rattan Archer ×17 · Trebuchet (Packed) ×1
Feudal
8:28
Castle
14:35
Imperial
28:55
| APM avg | 24.2 |
| APM peak | 97 |
| eAPM avg | 10.6 |
| Villagers / military | 99 / 73 |
Focus
⚔️ 20.9% · 🌾 79.1%
Mameluke ×69 · Trade Cart ×23 · Trebuchet (Packed) ×3 · Monk ×1
Feudal
6:47
Castle
15:26
Imperial
29:59
| APM avg | 7.1 |
| APM peak | 19 |
| eAPM avg | 6.3 |
| Villagers / military | 61 / 64 |
Focus
⚔️ 23.1% · 🌾 76.9%
War Elephant ×42 · Archer ×20 · Trade Cart ×10 · Monk ×2
Feudal
8:46
Castle
16:27
Imperial
30:03
| APM avg | 10.5 |
| APM peak | 55 |
| eAPM avg | 6.7 |
| Villagers / military | 81 / 77 |
Focus
⚔️ 17.8% · 🌾 82.2%
Knight ×75 · Trebuchet (Packed) ×2
Feudal
7:54
Castle
12:14
Imperial
37:43
| APM avg | 44.6 |
| APM peak | 101 |
| eAPM avg | 15.9 |
| Villagers / military | 72 / 95 |
Focus
⚔️ 25.5% · 🌾 74.5%
Genoese Crossbowman ×86 · Mangonel ×8 · Monk ×1
Feudal
9:19
Castle
19:08
Imperial
41:15
| APM avg | 11.8 |
| APM peak | 42 |
| eAPM avg | 8.1 |
| Villagers / military | 100 / 45 |
Focus
⚔️ 23.6% · 🌾 76.4%
Kamayuk ×45 · Unknown (2550) ×15
Feudal
7:50
Castle
15:17
Imperial
29:13
| APM avg | 18.5 |
| APM peak | 42 |
| eAPM avg | 13.7 |
| Villagers / military | 105 / 51 |
Focus
⚔️ 19.0% · 🌾 81.0%
Hand Cannoneer ×50 · Trade Cart ×10 · Monk ×1
Match map
Resources at game start + every placement click. Thick line = wall · dashed box = detected house wall. 🟡 gold · ⚪ stone · 🟢 berries · 🔶 boar · ⭕ relic
Inputs per minute
— 喜多川海梦 - - 家恒
Build order — 喜多川海梦
85 actions detected in the replay
| 0:19 | Build | House |
| 0:22 | Build | House |
| 0:24 | Create | Villager (Male) |
| 0:24 | Create | Villager (Male) |
| 0:24 | Create | Villager (Male) |
| 0:52 | Build | Lumber Camp |
| 1:23 | Create | Villager (Male) |
| 1:23 | Create | Villager (Male) |
| 1:23 | Create | Villager (Male) |
| 2:42 | Build | Mill |
| 2:44 | Create | Villager (Male) |
| 2:45 | Create | Villager (Male) |
| 2:45 | Create | Villager (Male) |
| 2:45 | Create | Villager (Male) |
| 3:25 | Create | Villager (Male) |
| 3:26 | Create | Villager (Male) |
| 3:26 | Create | Villager (Male) |
| 5:13 | Create | Villager (Male) |
| 5:13 | Create | Villager (Male) |
| 5:13 | Create | Villager (Male) |
| 5:13 | Create | Villager (Male) |
| 5:13 | Create | Villager (Male) |
| 5:30 | Create | Villager (Male) |
| 5:43 | Build | Mill |
| 5:50 | Build | Mining Camp |
| 7:07 | Build | House |
| 7:22 | Create | Villager (Male) |
| 7:22 | Create | Villager (Male) |
| 7:22 | Create | Villager (Male) |
| 7:22 | Create | Villager (Male) |
| 7:24 | Create | Villager (Male) |
| 8:15 | Build | Farm |
| 8:42 | Build | Farm |
| 9:07 | Build | Farm |
| 9:31 | Research | Feudal Age |
| 9:36 | Build | Farm |
| 11:41 | Age | Feudal Age |
| 11:46 | Build | Blacksmith |
| 11:55 | Build | Market |
| 12:53 | Research | Castle Age |
| 15:33 | Age | Castle Age |
| 15:41 | Build | Castle |
| 15:57 | Create | Villager (Male) |
| 15:57 | Create | Villager (Male) |
| 15:57 | Create | Villager (Male) |
| 15:58 | Create | Villager (Male) |
| 15:58 | Create | Villager (Male) |
| 16:17 | Build | House |
| 16:18 | Build | House |
| 16:35 | Build | Farm |
| 16:53 | Build | Farm |
| 17:27 | Build | Farm |
| 17:37 | Build | Farm |
| 17:40 | Build | Farm |
| 18:17 | Build | Farm |
| 18:19 | Create | Rattan Archer |
| 18:23 | Build | Farm |
| 18:34 | Create | Rattan Archer |
| 18:35 | Create | Rattan Archer |
| 18:37 | Research | Fletching |
| 18:50 | Build | Farm |
| 19:03 | Create | Rattan Archer |
| 19:04 | Create | Rattan Archer |
| 20:19 | Build | Farm |
| 20:20 | Build | Farm |
| 20:20 | Build | Farm |
| 20:31 | Research | Gold Mining |
| 20:40 | Build | Farm |
| 21:02 | Create | Rattan Archer |
| 21:36 | Build | Farm |
| 23:04 | Research | Imperial Age |
| 23:44 | Create | Rattan Archer |
| 23:45 | Create | Rattan Archer |
| 23:45 | Create | Rattan Archer |
| 23:45 | Create | Rattan Archer |
| 23:45 | Create | Rattan Archer |
| 24:45 | Create | Rattan Archer |
| 24:45 | Create | Rattan Archer |
| 25:05 | Create | Rattan Archer |
| 26:14 | Age | Imperial Age |
| 26:25 | Create | Trebuchet (Packed) |
| 26:37 | Create | Rattan Archer ×3 |
| 27:04 | Research | Padded Archer Armor |
| 28:38 | Research | Bodkin Arrow |
| 30:25 | Build | Town Center |
Build order — 家恒
First 150 of 290 actions detected
| 0:03 | Build | Lumber Camp |
| 0:08 | Build | House |
| 0:11 | Create | Villager (Male) |
| 0:11 | Create | Villager (Male) |
| 0:39 | Create | Villager (Male) |
| 1:22 | Create | Villager (Male) |
| 1:42 | Create | Villager (Male) |
| 2:06 | Create | Villager (Male) |
| 2:23 | Build | Mill |
| 2:32 | Build | Mill |
| 2:43 | Create | Villager (Male) |
| 3:08 | Create | Villager (Male) |
| 3:16 | Build | House |
| 3:36 | Create | Villager (Male) |
| 3:52 | Create | Villager (Male) |
| 4:20 | Create | Villager (Male) |
| 4:37 | Build | Farm |
| 4:50 | Create | Villager (Male) |
| 4:53 | Build | Farm |
| 5:19 | Build | Farm |
| 5:22 | Create | Villager (Male) |
| 5:29 | Build | House |
| 5:52 | Create | Villager (Male) |
| 6:18 | Research | Feudal Age |
| 6:23 | Build | Mining Camp |
| 7:19 | Build | Farm |
| 7:20 | Build | Farm |
| 7:21 | Build | Farm |
| 7:22 | Build | Farm |
| 8:28 | Age | Feudal Age |
| 8:30 | Create | Villager (Male) |
| 8:31 | Create | Villager (Male) |
| 8:34 | Research | Double-Bit Axe |
| 8:36 | Research | Horse Collar |
| 9:20 | Create | Villager (Male) |
| 9:28 | Build | House |
| 9:32 | Build | House |
| 9:45 | Create | Villager (Male) |
| 10:02 | Build | Blacksmith |
| 10:04 | Build | Market |
| 10:08 | Build | House |
| 10:11 | Build | House |
| 10:12 | Build | House |
| 10:14 | Create | Villager (Male) |
| 10:25 | Build | Farm |
| 10:38 | Create | Villager (Male) |
| 10:43 | Build | Farm |
| 11:04 | Create | Villager (Male) |
| 11:13 | Build | Farm |
| 11:28 | Create | Villager (Male) |
| 11:34 | Build | Farm |
| 11:55 | Research | Castle Age |
| 12:05 | Build | Farm |
| 13:28 | Build | Farm |
| 14:35 | Age | Castle Age |
| 14:38 | Build | Town Center |
| 14:51 | Build | Town Center |
| 14:57 | Create | Villager (Male) |
| 15:17 | Build | Mining Camp |
| 15:21 | Create | Villager (Male) |
| 15:47 | Build | Farm |
| 16:03 | Create | Villager (Male) |
| 16:03 | Create | Villager (Male) |
| 16:33 | Create | Villager (Male) |
| 16:33 | Create | Villager (Male) |
| 16:34 | Create | Villager (Male) |
| 16:40 | Create | Villager (Male) |
| 16:41 | Create | Villager (Male) |
| 16:42 | Create | Villager (Male) |
| 17:04 | Create | Villager (Male) |
| 17:14 | Build | Town Center |
| 17:17 | Create | Villager (Male) |
| 17:33 | Create | Villager (Male) |
| 17:34 | Create | Villager (Male) |
| 17:35 | Create | Villager (Male) |
| 17:56 | Build | Monastery |
| 17:57 | Build | House |
| 17:58 | Build | House |
| 17:59 | Build | House |
| 18:00 | Build | House |
| 18:01 | Build | House |
| 18:03 | Create | Villager (Male) |
| 18:04 | Create | Villager (Male) |
| 18:04 | Create | Villager (Male) |
| 18:04 | Create | Villager (Male) |
| 18:24 | Research | Heavy Plow |
| 18:27 | Research | Bow Saw |
| 18:28 | Create | Villager (Male) |
| 18:28 | Create | Villager (Male) |
| 18:29 | Create | Villager (Male) |
| 18:57 | Create | Villager (Male) |
| 18:59 | Create | Villager (Male) |
| 19:00 | Create | Villager (Male) |
| 19:00 | Create | Villager (Male) |
| 19:01 | Create | Villager (Male) |
| 19:07 | Create | Villager (Male) |
| 19:10 | Create | Villager (Male) |
| 19:22 | Build | Farm |
| 19:22 | Build | Farm |
| 19:22 | Build | Farm |
| 19:23 | Build | Farm |
| 19:23 | Build | Farm |
| 19:23 | Build | Farm |
| 19:28 | Create | Villager (Male) |
| 19:29 | Create | Villager (Male) |
| 19:30 | Create | Villager (Male) |
| 19:31 | Create | Villager (Male) |
| 19:39 | Create | Monk |
| 19:53 | Build | Farm |
| 19:56 | Create | Villager (Male) |
| 19:57 | Create | Villager (Male) |
| 19:58 | Create | Villager (Male) |
| 20:00 | Create | Villager (Male) |
| 20:04 | Build | Farm |
| 20:04 | Build | Farm |
| 20:04 | Build | Farm |
| 20:05 | Build | Farm |
| 20:05 | Build | Farm |
| 20:11 | Create | Villager (Male) |
| 20:12 | Create | Villager (Male) |
| 20:13 | Create | Villager (Male) |
| 20:33 | Build | House |
| 20:48 | Build | Mill |
| 20:48 | Build | Farm |
| 20:49 | Build | Farm |
| 20:49 | Build | Farm |
| 20:49 | Build | Farm |
| 20:50 | Build | Farm |
| 20:51 | Build | Farm |
| 20:51 | Build | Farm |
| 20:51 | Build | Farm |
| 20:53 | Create | Villager (Male) |
| 20:53 | Create | Villager (Male) |
| 20:54 | Create | Villager (Male) |
| 20:55 | Create | Villager (Male) |
| 20:57 | Create | Villager (Male) |
| 21:03 | Create | Villager (Male) |
| 21:16 | Build | University |
| 22:00 | Create | Villager (Male) |
| 22:00 | Create | Villager (Male) |
| 22:00 | Create | Villager (Male) |
| 22:01 | Create | Villager (Male) |
| 22:01 | Create | Villager (Male) |
| 22:01 | Create | Villager (Male) |
| 22:09 | Research | Stone Mining |
| 22:10 | Research | Gold Mining |
| 22:18 | Research | Wheelbarrow |
| 22:34 | Build | Castle |
| 22:47 | Build | House |
| 22:52 | Research | Masonry |
Build order — 咪猫
First 150 of 168 actions detected
| 0:58 | Create | Villager (Male) |
| 0:58 | Create | Villager (Male) |
| 0:59 | Create | Villager (Male) |
| 1:04 | Create | Villager (Male) |
| 1:04 | Create | Villager (Male) |
| 1:05 | Create | Villager (Male) |
| 1:29 | Build | Mill |
| 1:53 | Build | Lumber Camp |
| 3:01 | Build | Farm |
| 3:14 | Build | House |
| 4:05 | Build | Barracks |
| 4:19 | Build | Mining Camp |
| 4:43 | Research | Feudal Age |
| 5:32 | Build | Farm |
| 5:48 | Build | Mining Camp |
| 6:47 | Age | Feudal Age |
| 6:53 | Build | House |
| 7:13 | Create | Villager (Male) |
| 7:14 | Create | Villager (Male) |
| 7:14 | Create | Villager (Male) |
| 7:14 | Create | Villager (Male) |
| 7:16 | Create | Villager (Male) |
| 7:41 | Build | House |
| 7:43 | Build | Farm |
| 8:47 | Build | Blacksmith |
| 9:32 | Build | Stable |
| 10:09 | Create | Villager (Male) |
| 10:09 | Create | Villager (Male) |
| 10:10 | Create | Villager (Male) |
| 10:11 | Create | Villager (Male) |
| 10:11 | Create | Villager (Male) |
| 10:35 | Build | Farm |
| 11:12 | Build | Farm |
| 11:23 | Build | Farm |
| 11:56 | Build | House |
| 12:28 | Build | House |
| 12:37 | Build | Farm |
| 12:56 | Build | House |
| 13:00 | Research | Castle Age |
| 13:33 | Build | House |
| 14:19 | Build | House |
| 15:08 | Create | Villager (Male) ×5 |
| 15:26 | Age | Castle Age |
| 15:32 | Build | Town Center |
| 16:07 | Build | Farm |
| 17:12 | Build | Castle |
| 17:18 | Create | Villager (Male) ×5 |
| 17:19 | Create | Villager (Male) ×5 |
| 17:19 | Create | Villager (Male) ×5 |
| 17:59 | Build | Lumber Camp |
| 18:09 | Build | Monastery |
| 18:49 | Build | Farm |
| 18:52 | Build | Farm |
| 18:58 | Research | Double-Bit Axe |
| 19:07 | Create | Monk |
| 19:08 | Create | Monk |
| 19:20 | Build | Farm |
| 20:14 | Build | Farm |
| 20:42 | Create | Villager (Male) ×5 |
| 21:11 | Build | University |
| 21:30 | Research | Forging |
| 21:31 | Research | Scale Mail Armor |
| 21:31 | Research | Scale Barding Armor |
| 21:51 | Build | Market |
| 21:58 | Research | Horse Collar |
| 22:39 | Build | Town Center |
| 23:21 | Build | Mining Camp |
| 23:26 | Research | Wheelbarrow |
| 24:26 | Research | Kamandaran |
| 24:50 | Build | Archery Range |
| 25:13 | Build | House |
| 25:22 | Build | House |
| 25:23 | Build | House |
| 25:25 | Build | House |
| 25:30 | Build | House |
| 25:54 | Research | Crossbowman (upgrade) |
| 25:55 | Research | Elite Skirmisher (upgrade) |
| 26:02 | Create | Archer ×5 |
| 26:03 | Create | Archer ×5 |
| 27:14 | Research | Imperial Age |
| 27:22 | Build | House |
| 27:23 | Build | House |
| 27:25 | Build | House |
| 27:26 | Build | House |
| 27:45 | Build | Mining Camp |
| 27:55 | Research | Hand Cart |
| 29:04 | Build | Mining Camp |
| 29:44 | Create | Villager (Male) ×5 |
| 29:45 | Create | Villager (Male) ×5 |
| 29:57 | Build | House |
| 29:59 | Build | House |
| 29:59 | Age | Imperial Age |
| 30:00 | Build | House |
| 30:02 | Build | House |
| 30:20 | Build | Farm |
| 30:30 | Build | Lumber Camp |
| 30:49 | Build | Farm |
| 30:57 | Build | Farm |
| 31:06 | Build | Farm |
| 31:24 | Build | Castle |
| 32:22 | Build | Farm |
| 32:34 | Research | Coinage |
| 32:34 | Research | Caravan |
| 32:38 | Research | Guilds |
| 32:51 | Research | Masonry |
| 32:53 | Research | Heated Shot |
| 32:55 | Research | Ballistics |
| 32:56 | Research | Chemistry |
| 33:00 | Research | Murder Holes |
| 33:18 | Build | Farm |
| 33:21 | Build | Farm |
| 33:24 | Build | Farm |
| 33:35 | Build | Lumber Camp |
| 33:49 | Build | Farm |
| 34:29 | Build | House |
| 34:32 | Build | House |
| 34:36 | Build | House |
| 34:38 | Build | House |
| 34:40 | Build | House |
| 34:41 | Build | House |
| 35:17 | Research | Elite War Elephant (upgrade) |
| 35:25 | Research | Gold Mining |
| 36:04 | Research | Hoardings |
| 36:27 | Create | Trade Cart ×5 |
| 36:27 | Create | Trade Cart ×5 |
| 37:00 | Research | Banking |
| 37:12 | Build | House |
| 37:23 | Research | Stone Mining |
| 37:26 | Research | Gold Shaft Mining |
| 37:43 | Build | Farm |
| 37:46 | Build | Farm |
| 37:53 | Create | War Elephant ×3 |
| 38:26 | Build | Farm |
| 38:51 | Research | Sappers |
| 39:00 | Research | Citadels |
| 39:16 | Research | Conscription |
| 39:36 | Create | War Elephant ×5 |
| 39:36 | Create | War Elephant |
| 39:56 | Create | Villager (Male) ×3 |
| 40:03 | Create | Villager (Male) ×3 |
| 40:12 | Create | Villager (Male) ×2 |
| 40:30 | Build | Mill |
| 40:40 | Build | Farm |
| 40:54 | Build | Mining Camp |
| 41:58 | Create | War Elephant ×5 |
| 42:02 | Create | War Elephant ×2 |
| 42:19 | Build | Farm |
| 42:21 | Build | Farm |
| 42:25 | Build | Farm |
| 42:29 | Build | Farm |
Build order — 一拍车拍死你全家
First 150 of 205 actions detected
| 0:08 | Build | Lumber Camp |
| 0:15 | Build | House |
| 0:20 | Create | Villager (Male) |
| 0:21 | Create | Villager (Male) |
| 1:34 | Create | Villager (Male) |
| 1:34 | Create | Villager (Male) |
| 2:08 | Build | Mill |
| 2:22 | Create | Villager (Male) |
| 3:00 | Create | Villager (Male) |
| 3:39 | Create | Villager (Male) |
| 4:08 | Build | House |
| 4:45 | Create | Villager (Male) |
| 5:26 | Create | Villager (Male) |
| 6:36 | Research | Feudal Age |
| 6:51 | Create | Villager (Male) |
| 7:09 | Build | Mining Camp |
| 7:39 | Build | Mining Camp |
| 7:43 | Build | Farm |
| 7:43 | Build | Farm |
| 7:44 | Build | Farm |
| 7:44 | Build | Farm |
| 8:15 | Create | Villager (Male) |
| 8:34 | Create | Villager (Male) |
| 8:46 | Age | Feudal Age |
| 8:52 | Build | Blacksmith |
| 9:06 | Build | Market |
| 10:28 | Create | Villager (Male) |
| 10:45 | Build | House |
| 10:51 | Create | Villager (Male) |
| 10:58 | Build | Farm |
| 11:14 | Create | Villager (Male) |
| 11:25 | Build | Farm |
| 11:51 | Build | Farm |
| 11:58 | Create | Villager (Male) |
| 12:26 | Build | Farm |
| 12:29 | Create | Villager (Male) |
| 13:47 | Research | Castle Age |
| 14:45 | Create | Villager (Male) |
| 14:46 | Create | Villager (Male) |
| 14:48 | Create | Villager (Male) |
| 14:57 | Build | House |
| 16:27 | Age | Castle Age |
| 16:50 | Build | Town Center |
| 17:01 | Research | Double-Bit Axe |
| 17:49 | Build | Town Center |
| 18:02 | Create | Villager (Male) |
| 18:03 | Create | Villager (Male) |
| 18:25 | Build | House |
| 18:40 | Build | Farm |
| 18:40 | Build | Farm |
| 19:01 | Build | House |
| 19:02 | Build | House |
| 19:11 | Create | Villager (Male) |
| 19:12 | Create | Villager (Male) |
| 19:30 | Build | Monastery |
| 19:51 | Build | University |
| 20:11 | Research | Wheelbarrow |
| 20:12 | Create | Villager (Male) ×5 |
| 20:36 | Create | Villager (Male) |
| 20:37 | Create | Villager (Male) |
| 20:37 | Create | Villager (Male) |
| 20:37 | Create | Villager (Male) |
| 20:37 | Create | Villager (Male) |
| 20:53 | Build | Farm |
| 20:53 | Build | Farm |
| 21:19 | Build | Farm |
| 21:48 | Build | Castle |
| 22:00 | Build | Farm |
| 22:00 | Build | Farm |
| 22:08 | Create | Villager (Male) |
| 22:09 | Create | Villager (Male) |
| 22:24 | Build | Farm |
| 22:41 | Create | Villager (Male) |
| 22:44 | Research | Hand Cart |
| 23:01 | Create | Villager (Male) |
| 23:01 | Create | Villager (Male) |
| 23:36 | Research | Bow Saw |
| 23:58 | Create | Villager (Male) |
| 23:59 | Create | Villager (Male) |
| 24:06 | Build | Farm |
| 24:12 | Create | Villager (Male) |
| 24:17 | Create | Villager (Male) |
| 24:52 | Build | Castle |
| 25:01 | Build | Mill |
| 25:03 | Build | Farm |
| 25:08 | Create | Villager (Male) |
| 25:08 | Create | Villager (Male) |
| 25:12 | Create | Villager (Male) |
| 25:15 | Create | Villager (Male) |
| 25:15 | Create | Villager (Male) |
| 25:38 | Build | House |
| 25:39 | Build | House |
| 25:40 | Build | House |
| 25:41 | Build | House |
| 25:49 | Build | Farm |
| 26:05 | Create | Villager (Male) |
| 26:05 | Create | Villager (Male) |
| 26:07 | Create | Villager (Male) |
| 26:12 | Create | Villager (Male) |
| 26:41 | Build | Barracks |
| 26:53 | Research | Imperial Age |
| 26:56 | Create | Villager (Male) |
| 26:57 | Create | Villager (Male) |
| 26:59 | Create | Villager (Male) |
| 27:00 | Create | Villager (Male) |
| 27:29 | Research | Gold Mining |
| 28:19 | Build | Mining Camp |
| 28:31 | Build | Stable |
| 28:32 | Build | Stable |
| 28:33 | Build | Stable |
| 28:40 | Create | Villager (Male) |
| 28:41 | Create | Villager (Male) |
| 28:46 | Create | Villager (Male) |
| 28:46 | Create | Villager (Male) |
| 29:04 | Build | Farm |
| 29:16 | Build | Mining Camp |
| 29:26 | Research | Town Watch |
| 29:30 | Create | Villager (Male) |
| 29:30 | Create | Villager (Male) |
| 29:36 | Research | Husbandry |
| 30:03 | Age | Imperial Age |
| 30:13 | Build | Castle |
| 30:29 | Build | Town Center |
| 30:33 | Build | Farm |
| 30:33 | Build | Farm |
| 30:46 | Build | Mining Camp |
| 30:55 | Create | Villager (Male) |
| 30:55 | Create | Villager (Male) |
| 31:13 | Research | Conscription |
| 31:40 | Research | Cavalier (upgrade) |
| 32:07 | Create | Villager (Male) |
| 32:07 | Create | Villager (Male) |
| 32:16 | Build | Stable |
| 32:17 | Build | Stable |
| 32:18 | Build | Stable |
| 32:20 | Build | Stable |
| 32:22 | Build | Stable |
| 32:24 | Build | Stable |
| 32:32 | Create | Villager (Male) |
| 32:32 | Create | Villager (Male) |
| 32:51 | Build | Farm |
| 32:57 | Build | Farm |
| 32:57 | Build | Farm |
| 32:57 | Build | Farm |
| 32:58 | Build | Farm |
| 33:02 | Create | Villager (Male) |
| 33:03 | Create | Villager (Male) |
| 33:06 | Create | Villager (Male) |
| 33:06 | Create | Villager (Male) |
| 33:11 | Create | Villager (Male) |
Build order — LB_小小leo
First 150 of 236 actions detected
| 0:03 | Create | Villager (Male) |
| 0:04 | Create | Villager (Male) |
| 0:04 | Create | Villager (Male) |
| 0:10 | Build | Lumber Camp |
| 0:44 | Create | Villager (Male) |
| 1:08 | Create | Villager (Male) |
| 1:22 | Build | House |
| 1:37 | Create | Villager (Male) |
| 1:47 | Build | Mill |
| 1:55 | Create | Villager (Male) |
| 2:16 | Create | Villager (Male) |
| 2:43 | Create | Villager (Male) |
| 3:21 | Create | Villager (Male) |
| 3:25 | Build | House |
| 3:44 | Create | Villager (Male) |
| 3:58 | Create | Villager (Male) |
| 4:03 | Create | Villager (Male) |
| 4:33 | Create | Villager (Male) |
| 5:44 | Research | Feudal Age |
| 7:24 | Build | House |
| 7:51 | Create | Villager (Male) |
| 7:51 | Create | Villager (Male) |
| 7:54 | Age | Feudal Age |
| 8:03 | Build | Blacksmith |
| 8:23 | Build | Market |
| 8:40 | Create | Villager (Male) |
| 9:07 | Create | Villager (Male) |
| 9:25 | Build | Farm |
| 9:26 | Build | Farm |
| 9:30 | Research | Castle Age |
| 9:33 | Build | Mining Camp |
| 9:37 | Build | Farm |
| 9:38 | Build | Farm |
| 9:41 | Research | Double-Bit Axe |
| 9:55 | Build | Farm |
| 10:50 | Research | Loom |
| 10:51 | Create | Villager (Male) |
| 10:51 | Create | Villager (Male) |
| 11:18 | Research | Stone Mining |
| 11:43 | Build | House |
| 11:47 | Build | House |
| 12:14 | Age | Castle Age |
| 12:19 | Create | Villager (Male) |
| 12:19 | Create | Villager (Male) |
| 12:19 | Create | Villager (Male) |
| 12:55 | Create | Villager (Male) |
| 13:28 | Build | Castle |
| 13:38 | Create | Villager (Male) |
| 13:45 | Build | Farm |
| 14:00 | Create | Villager (Male) |
| 14:07 | Build | Farm |
| 15:00 | Create | Villager (Male) |
| 15:02 | Build | Mining Camp |
| 15:09 | Create | Genoese Crossbowman |
| 15:12 | Build | Mining Camp |
| 15:18 | Create | Genoese Crossbowman |
| 15:20 | Create | Genoese Crossbowman |
| 15:29 | Research | Padded Archer Armor |
| 16:07 | Build | Town Center |
| 16:10 | Create | Villager (Male) |
| 16:10 | Create | Villager (Male) |
| 16:15 | Create | Villager (Male) |
| 16:15 | Create | Villager (Male) |
| 16:20 | Create | Genoese Crossbowman |
| 16:35 | Create | Genoese Crossbowman |
| 16:44 | Build | Barracks |
| 16:50 | Create | Villager (Male) |
| 17:20 | Create | Genoese Crossbowman |
| 17:20 | Create | Genoese Crossbowman |
| 17:57 | Create | Villager (Male) |
| 18:20 | Create | Genoese Crossbowman |
| 18:20 | Create | Genoese Crossbowman |
| 18:34 | Build | Farm |
| 18:34 | Build | Farm |
| 18:36 | Build | Farm |
| 18:52 | Build | Farm |
| 19:00 | Create | Villager (Male) |
| 19:01 | Create | Villager (Male) |
| 19:04 | Create | Villager (Male) |
| 19:04 | Create | Villager (Male) |
| 19:44 | Create | Villager (Male) |
| 20:00 | Build | Siege Workshop |
| 20:02 | Create | Villager (Male) |
| 20:03 | Create | Villager (Male) |
| 20:04 | Build | Farm |
| 20:11 | Create | Genoese Crossbowman |
| 20:11 | Create | Genoese Crossbowman |
| 20:39 | Create | Villager (Male) |
| 20:39 | Create | Villager (Male) |
| 20:48 | Create | Mangonel |
| 20:48 | Create | Mangonel |
| 21:06 | Create | Villager (Male) |
| 21:07 | Create | Villager (Male) |
| 21:28 | Build | Monastery |
| 21:34 | Build | Mining Camp |
| 21:43 | Build | Castle |
| 21:48 | Create | Villager (Male) |
| 21:49 | Create | Villager (Male) |
| 21:52 | Build | House |
| 21:52 | Build | House |
| 21:53 | Build | House |
| 21:53 | Build | House |
| 21:53 | Build | House |
| 21:53 | Build | House |
| 22:02 | Research | Fletching |
| 22:06 | Create | Genoese Crossbowman |
| 22:06 | Create | Genoese Crossbowman |
| 22:09 | Create | Mangonel |
| 22:09 | Create | Mangonel |
| 22:35 | Create | Monk |
| 23:05 | Create | Villager (Male) |
| 23:05 | Create | Villager (Male) |
| 23:06 | Create | Villager (Male) |
| 23:06 | Create | Villager (Male) |
| 23:33 | Create | Genoese Crossbowman |
| 23:33 | Create | Genoese Crossbowman |
| 23:34 | Create | Genoese Crossbowman |
| 24:10 | Create | Genoese Crossbowman |
| 24:10 | Create | Genoese Crossbowman |
| 24:10 | Create | Genoese Crossbowman |
| 24:19 | Create | Genoese Crossbowman |
| 24:20 | Create | Genoese Crossbowman |
| 24:32 | Build | Mining Camp |
| 24:34 | Build | Farm |
| 24:34 | Build | Farm |
| 25:02 | Create | Genoese Crossbowman |
| 25:02 | Create | Genoese Crossbowman |
| 25:29 | Create | Mangonel |
| 25:36 | Create | Villager (Male) |
| 25:37 | Create | Villager (Male) |
| 25:51 | Create | Mangonel |
| 25:55 | Create | Genoese Crossbowman |
| 25:55 | Create | Genoese Crossbowman |
| 25:55 | Create | Genoese Crossbowman |
| 25:56 | Create | Genoese Crossbowman |
| 25:56 | Create | Genoese Crossbowman |
| 25:56 | Create | Genoese Crossbowman |
| 26:09 | Create | Villager (Male) |
| 26:11 | Research | Wheelbarrow |
| 26:20 | Create | Villager (Male) |
| 26:20 | Create | Villager (Male) |
| 27:13 | Create | Genoese Crossbowman |
| 27:13 | Create | Genoese Crossbowman |
| 27:20 | Build | Castle |
| 27:25 | Build | Farm |
| 27:54 | Create | Mangonel |
| 27:54 | Create | Mangonel |
| 28:13 | Research | Leather Archer Armor |
| 28:43 | Build | Farm |
| 28:44 | Build | Farm |
Build order — 傲娇
First 150 of 259 actions detected
| 0:52 | Build | Settlement |
| 2:02 | Create | Villager (Male) |
| 2:03 | Create | Villager (Male) |
| 2:03 | Create | Villager (Male) |
| 2:03 | Create | Villager (Male) |
| 2:56 | Build | Settlement |
| 7:09 | Research | Feudal Age |
| 7:15 | Create | Villager (Male) |
| 7:15 | Create | Villager (Male) |
| 7:15 | Create | Villager (Male) |
| 8:40 | Build | Settlement |
| 9:19 | Age | Feudal Age |
| 10:33 | Build | Settlement |
| 10:57 | Build | Settlement |
| 11:19 | Build | Settlement |
| 12:43 | Create | Villager (Male) |
| 12:43 | Create | Villager (Male) |
| 12:44 | Create | Villager (Male) |
| 12:44 | Create | Villager (Male) |
| 12:44 | Create | Villager (Male) |
| 12:44 | Create | Villager (Male) |
| 12:47 | Research | Wheelbarrow |
| 14:31 | Build | Blacksmith |
| 15:16 | Build | Market |
| 15:47 | Research | Fletching |
| 16:01 | Research | Castle Age |
| 17:39 | Build | Farm |
| 17:41 | Build | Farm |
| 17:44 | Build | Farm |
| 17:47 | Build | Farm |
| 17:51 | Build | Farm |
| 17:52 | Build | Farm |
| 17:54 | Build | Farm |
| 17:59 | Build | Farm |
| 18:03 | Build | Farm |
| 18:06 | Build | Farm |
| 19:08 | Age | Castle Age |
| 19:22 | Create | Villager (Male) |
| 19:22 | Create | Villager (Male) |
| 19:24 | Create | Villager (Male) |
| 19:40 | Build | Castle |
| 20:13 | Build | Town Center |
| 20:39 | Research | Horse Collar |
| 22:32 | Create | Kamayuk |
| 22:33 | Create | Kamayuk |
| 22:33 | Create | Kamayuk |
| 22:33 | Create | Kamayuk |
| 22:33 | Create | Kamayuk |
| 22:34 | Create | Kamayuk |
| 22:34 | Create | Kamayuk |
| 22:34 | Create | Kamayuk |
| 22:34 | Create | Kamayuk |
| 22:35 | Create | Kamayuk |
| 22:35 | Create | Kamayuk |
| 23:39 | Build | Barracks |
| 25:06 | Create | Kamayuk |
| 25:06 | Create | Kamayuk |
| 25:07 | Create | Kamayuk |
| 25:07 | Create | Kamayuk |
| 26:20 | Build | Farm |
| 26:27 | Build | Farm |
| 26:28 | Build | Farm |
| 26:32 | Build | Farm |
| 26:34 | Build | Farm |
| 26:36 | Build | Farm |
| 26:37 | Build | Farm |
| 27:15 | Create | Villager (Male) |
| 27:15 | Create | Villager (Male) |
| 27:15 | Create | Villager (Male) |
| 27:15 | Create | Villager (Male) |
| 27:16 | Create | Villager (Male) |
| 27:16 | Create | Villager (Male) |
| 29:40 | Research | Hand Cart |
| 29:45 | Create | Villager (Male) |
| 29:45 | Create | Villager (Male) |
| 29:46 | Create | Villager (Male) |
| 29:46 | Create | Villager (Male) |
| 29:46 | Create | Villager (Male) |
| 29:46 | Create | Villager (Male) |
| 30:03 | Build | Farm |
| 30:05 | Build | Farm |
| 30:08 | Build | Farm |
| 30:14 | Build | Farm |
| 30:16 | Build | Farm |
| 30:19 | Build | Farm |
| 30:21 | Build | Farm |
| 30:25 | Build | Farm |
| 30:28 | Build | Farm |
| 30:43 | Create | Villager (Male) |
| 30:44 | Create | Villager (Male) |
| 30:44 | Create | Villager (Male) |
| 30:44 | Create | Villager (Male) |
| 30:44 | Create | Villager (Male) |
| 30:44 | Create | Villager (Male) |
| 33:05 | Create | Villager (Male) |
| 33:05 | Create | Villager (Male) |
| 33:05 | Create | Villager (Male) |
| 33:06 | Create | Villager (Male) |
| 33:06 | Create | Villager (Male) |
| 33:06 | Create | Villager (Male) |
| 33:06 | Create | Villager (Male) |
| 33:07 | Create | Villager (Male) |
| 34:06 | Build | Farm |
| 35:04 | Research | Double-Bit Axe |
| 35:05 | Research | Gold Mining |
| 35:06 | Research | Stone Mining |
| 35:35 | Create | Villager (Male) |
| 35:35 | Create | Villager (Male) |
| 35:36 | Create | Villager (Male) |
| 35:36 | Create | Villager (Male) |
| 35:36 | Create | Villager (Male) |
| 35:36 | Create | Villager (Male) |
| 35:38 | Research | Imperial Age |
| 35:55 | Create | Villager (Male) |
| 35:55 | Create | Villager (Male) |
| 35:55 | Create | Villager (Male) |
| 35:55 | Create | Villager (Male) |
| 36:23 | Build | Town Center |
| 37:26 | Build | Farm |
| 37:28 | Build | Farm |
| 37:30 | Build | Farm |
| 37:32 | Build | Farm |
| 37:34 | Build | Farm |
| 37:44 | Build | Farm |
| 37:45 | Build | Farm |
| 37:47 | Build | Farm |
| 37:48 | Build | Farm |
| 37:52 | Build | Farm |
| 38:01 | Build | Farm |
| 38:06 | Build | Farm |
| 38:08 | Build | Farm |
| 38:10 | Build | Farm |
| 38:13 | Build | Farm |
| 38:15 | Build | Farm |
| 38:17 | Build | Farm |
| 38:19 | Build | Farm |
| 38:24 | Create | Villager (Male) |
| 38:24 | Create | Villager (Male) |
| 38:24 | Create | Villager (Male) |
| 38:24 | Create | Villager (Male) |
| 38:25 | Create | Villager (Male) |
| 38:25 | Create | Villager (Male) |
| 38:25 | Create | Villager (Male) |
| 38:25 | Create | Villager (Male) |
| 38:26 | Create | Villager (Male) |
| 38:26 | Create | Villager (Male) |
| 38:26 | Create | Villager (Male) |
| 38:26 | Create | Villager (Male) |
| 38:27 | Create | Villager (Male) |
| 38:27 | Create | Villager (Male) |
Build order — Tsukitech
First 150 of 262 actions detected
| 0:29 | Create | Villager (Male) |
| 0:29 | Create | Villager (Male) |
| 0:54 | Create | Villager (Male) |
| 1:10 | Build | Mill |
| 1:28 | Build | House |
| 1:52 | Create | Villager (Male) |
| 2:07 | Create | Villager (Male) |
| 2:42 | Create | Villager (Male) |
| 3:12 | Build | Lumber Camp |
| 3:14 | Create | Villager (Male) |
| 3:17 | Create | Villager (Male) |
| 3:37 | Create | Villager (Male) |
| 4:09 | Build | House |
| 4:10 | Create | Villager (Male) |
| 5:02 | Create | Villager (Male) |
| 5:40 | Research | Feudal Age |
| 7:42 | Create | Villager (Male) |
| 7:43 | Create | Villager (Male) |
| 7:50 | Age | Feudal Age |
| 8:02 | Build | Mining Camp |
| 8:14 | Build | Farm |
| 8:15 | Build | Farm |
| 8:15 | Build | Farm |
| 8:16 | Build | Farm |
| 8:16 | Build | Farm |
| 8:31 | Build | Blacksmith |
| 8:54 | Create | Villager (Male) |
| 8:56 | Create | Villager (Male) |
| 9:15 | Build | House |
| 9:24 | Build | Market |
| 9:27 | Create | Villager (Male) |
| 9:44 | Create | Villager (Male) |
| 10:13 | Build | Farm |
| 10:17 | Build | Farm |
| 10:25 | Create | Villager (Male) |
| 10:37 | Build | House |
| 11:04 | Build | Farm |
| 11:05 | Create | Villager (Male) |
| 11:12 | Build | Farm |
| 11:34 | Build | Farm |
| 11:35 | Create | Villager (Male) |
| 12:03 | Build | Farm |
| 12:05 | Create | Villager (Male) |
| 12:33 | Build | Farm |
| 12:37 | Research | Castle Age |
| 13:07 | Research | Double-Bit Axe |
| 14:28 | Build | House |
| 15:04 | Build | House |
| 15:08 | Create | Villager (Male) |
| 15:08 | Create | Villager (Male) |
| 15:08 | Create | Villager (Male) |
| 15:17 | Age | Castle Age |
| 15:22 | Build | Town Center |
| 15:37 | Build | Town Center |
| 15:56 | Build | Town Center |
| 16:20 | Create | Villager (Male) |
| 16:21 | Create | Villager (Male) |
| 16:22 | Create | Villager (Male) |
| 16:22 | Create | Villager (Male) |
| 16:44 | Create | Villager (Male) |
| 16:45 | Create | Villager (Male) |
| 16:45 | Create | Villager (Male) |
| 16:45 | Create | Villager (Male) |
| 16:45 | Create | Villager (Male) |
| 16:55 | Create | Villager (Male) |
| 16:55 | Create | Villager (Male) |
| 16:56 | Create | Villager (Male) |
| 16:56 | Create | Villager (Male) |
| 16:56 | Create | Villager (Male) |
| 17:02 | Research | Bow Saw |
| 17:06 | Build | Farm |
| 17:40 | Build | Farm |
| 17:41 | Build | Farm |
| 17:42 | Build | Farm |
| 17:53 | Create | Villager (Male) |
| 17:53 | Create | Villager (Male) |
| 17:55 | Create | Villager (Male) |
| 18:25 | Create | Villager (Male) |
| 18:26 | Create | Villager (Male) |
| 18:26 | Create | Villager (Male) |
| 18:28 | Create | Villager (Male) |
| 18:29 | Create | Villager (Male) |
| 18:29 | Create | Villager (Male) |
| 18:29 | Create | Villager (Male) |
| 18:43 | Build | Farm |
| 18:47 | Build | Farm |
| 18:54 | Build | Farm |
| 18:55 | Build | Farm |
| 18:56 | Create | Villager (Male) |
| 19:06 | Build | Farm |
| 19:17 | Build | Farm |
| 19:32 | Build | Farm |
| 19:35 | Create | Villager (Male) |
| 19:35 | Create | Villager (Male) |
| 19:36 | Create | Villager (Male) |
| 19:38 | Create | Villager (Male) |
| 19:38 | Create | Villager (Male) |
| 19:39 | Create | Villager (Male) |
| 19:41 | Create | Villager (Male) |
| 19:51 | Build | Farm |
| 19:58 | Build | House |
| 19:59 | Build | House |
| 19:59 | Build | House |
| 20:12 | Build | Farm |
| 20:16 | Build | Farm |
| 20:24 | Build | Farm |
| 20:34 | Build | House |
| 20:38 | Create | Villager (Male) |
| 20:41 | Create | Villager (Male) |
| 20:42 | Create | Villager (Male) |
| 20:43 | Create | Villager (Male) |
| 20:43 | Create | Villager (Male) |
| 20:46 | Create | Villager (Male) |
| 20:52 | Research | Horse Collar |
| 20:58 | Build | Farm |
| 21:07 | Build | Farm |
| 21:10 | Research | Stone Mining |
| 21:11 | Research | Gold Mining |
| 21:13 | Create | Villager (Male) |
| 21:13 | Create | Villager (Male) |
| 21:13 | Create | Villager (Male) |
| 21:21 | Build | Farm |
| 21:24 | Build | Farm |
| 21:30 | Build | Farm |
| 21:34 | Create | Villager (Male) |
| 21:37 | Create | Villager (Male) |
| 21:39 | Create | Villager (Male) |
| 21:42 | Build | Farm |
| 21:49 | Build | Farm |
| 22:06 | Build | Farm |
| 22:18 | Create | Villager (Male) |
| 22:18 | Create | Villager (Male) |
| 22:23 | Create | Villager (Male) |
| 22:23 | Create | Villager (Male) |
| 22:33 | Create | Villager (Male) |
| 22:41 | Create | Villager (Male) |
| 22:41 | Create | Villager (Male) |
| 22:44 | Build | Farm |
| 22:47 | Create | Villager (Male) |
| 22:51 | Create | Villager (Male) |
| 22:51 | Create | Villager (Male) |
| 22:55 | Build | Farm |
| 23:03 | Build | House |
| 23:03 | Build | House |
| 23:05 | Build | House |
| 23:21 | Build | Mining Camp |
| 23:26 | Build | Farm |
| 23:35 | Create | Villager (Male) |
| 23:36 | Create | Villager (Male) |
| 23:36 | Create | Villager (Male) |
Match timeline
| 4:05 | 咪猫 · first_building Barracks |
| 6:47 | 咪猫 · age_up feudal |
| 7:50 | Tsukitech · age_up feudal |
| 7:54 | LB_小小leo · age_up feudal |
| 8:28 | 家恒 · age_up feudal |
| 8:46 | 一拍车拍死你全家 · age_up feudal |
| 9:19 | 傲娇 · age_up feudal |
| 9:28 | LB_小小leo · first_market_sell 100 wood |
| 9:32 | 咪猫 · first_building Stable |
| 11:41 | 喜多川海梦 · age_up feudal |
| 11:48 | 家恒 · first_market_sell 100 wood |
| 11:51 | 家恒 · first_market_buy 100 food |
| 12:02 | 一拍车拍死你全家 · first_market_sell 100 wood |
| 12:07 | 一拍车拍死你全家 · first_market_buy 100 food |
| 12:14 | LB_小小leo · age_up castle |
| 13:28 | LB_小小leo · first_building Castle |
| 14:16 | 喜多川海梦 · first_market_buy 100 stone |
| 14:21 | 喜多川海梦 · first_market_sell 100 wood |
| 14:35 | 家恒 · age_up castle |
| 15:17 | Tsukitech · age_up castle |
| 15:26 | 咪猫 · age_up castle |
| 15:33 | 喜多川海梦 · age_up castle |
| 15:41 | 喜多川海梦 · first_building Castle |
| 16:27 | 一拍车拍死你全家 · age_up castle |
| 16:34 | 傲娇 · tribute_sent a jugador 1 |
| 16:34 | 傲娇 · tribute_sent a jugador 2 |
| 16:34 | 傲娇 · tribute_sent a jugador 3 |
| 16:34 | 傲娇 · tribute_sent a jugador 4 |
| 16:34 | 傲娇 · tribute_sent a jugador 5 |
| 16:34 | 傲娇 · tribute_sent a jugador 7 |
| 16:44 | LB_小小leo · first_building Barracks |
| 17:12 | 咪猫 · first_building Castle |
| 17:36 | Tsukitech · first_market_sell 100 food |
| 17:37 | Tsukitech · first_market_buy 100 wood |
| 17:56 | 家恒 · first_building Monastery |
| 18:09 | 咪猫 · first_building Monastery |
| 19:08 | 傲娇 · age_up castle |
| 19:30 | 一拍车拍死你全家 · first_building Monastery |
| 19:40 | 傲娇 · first_building Castle |
| 20:00 | LB_小小leo · first_building Siege Workshop |
| 21:28 | LB_小小leo · first_building Monastery |
| 21:48 | 一拍车拍死你全家 · first_building Castle |
| 22:34 | 家恒 · first_building Castle |
| 23:39 | 傲娇 · first_building Barracks |
| 24:05 | Tsukitech · first_building Castle |
| 24:50 | 咪猫 · first_building Archery Range |
| 25:30 | Tsukitech · first_building Monastery |
| 26:14 | 喜多川海梦 · age_up imperial |
| 26:22 | 家恒 · wall_segment Stone Wall x8 |
| 26:41 | 一拍车拍死你全家 · first_building Barracks |
| 27:54 | Tsukitech · first_building Barracks |
| 28:31 | 一拍车拍死你全家 · first_building Stable |
| 28:52 | Tsukitech · first_building Archery Range |
| 28:55 | 家恒 · age_up imperial |
| 28:59 | 家恒 · first_building Barracks |
| 29:13 | Tsukitech · age_up imperial |
| 29:59 | 咪猫 · age_up imperial |
| 30:03 | 一拍车拍死你全家 · age_up imperial |
| 30:58 | 家恒 · first_building Stable |
| 31:01 | 家恒 · first_building Archery Range |
| 31:03 | 喜多川海梦 · resign |
| 31:05 | 家恒 · first_building Siege Workshop |
| 31:45 | Tsukitech · first_building Stable |
| 33:59 | LB_小小leo · wall_segment Stone Wall x3 |
| 36:00 | 一拍车拍死你全家 · first_building Siege Workshop |
| 37:43 | LB_小小leo · age_up imperial |
| 41:15 | 傲娇 · age_up imperial |
| 43:00 | 咪猫 · first_building Siege Workshop |
| 43:31 | 咪猫 · wall_segment Stone Wall x4 |
| 43:35 | 咪猫 · wall_segment Stone Wall x7 |
| 43:40 | 咪猫 · wall_segment Stone Wall x17 |
| 43:48 | 咪猫 · wall_segment Stone Wall x19 |
| 43:54 | 咪猫 · wall_segment Stone Wall x8 |
| 47:02 | 咪猫 · first_market_buy 100 stone |
| 47:53 | 咪猫 · first_market_sell 500 wood |
[ AI ANALYSIS · 1 CREDIT ]
What really happened in this match?
Wolo.gg analyzes every decision: build order, eco, micro, common mistakes by bracket. Personalized analysis on WhatsApp or Discord in 30 seconds.
Civ guide
Vietnamese
Map guide
QS Arena
Perfil
喜多川海梦